 Dungeon Crawl Stone Soup version 0.31.0-11-ge490571c62 (webtiles) character file.

Game seed: 4563200199525211318

13 Bravepunisher the Ducker (level 2, 16/16 HPs)
             Began as a Spriggan Monk on Feb 4, 2024.
             Quit the game on level 4 of the Dungeon.
             The game lasted 00:03:08 (876 turns).

Bravepunisher the Ducker (Spriggan Monk)             Turns: 876, Time: 00:03:09

Health: 16/16      AC:  2    Str:  7    XL:     2   Next: 24%
Magic:  3/3        EV: 19    Int: 11    God:
Gold:   48         SH:  0    Dex: 17    Spells: 1/1 levels left

rFire   . . .        a - +0 short sword
rCold   . . .        (no shield)
rNeg    . . .        b - +0 robe
rPois   .            (helmet restricted)
rElec   .            (no cloak)
rCorr   .            (gloves unavailable)
SInv    +            (boots unavailable)
Will    .....        (no amulet)
Stlth   ++           (no ring)
HPRegen 0.22/turn    (no ring)
MPRegen 0.08/turn

%: no passive effects
@: very quick
A: very small, no large weapons, unfitting armour, see invisible, speed 3
a: no special abilities


You were on level 4 of the Dungeon.
You visited 1 branch of the dungeon, and saw 6 of its levels.

You collected 48 gold pieces.

Inventory:

Hand Weapons
 a - a +0 short sword (weapon)
Armour
 b - a +0 robe (worn)
Wands
 f - a wand of charming (7)
Scrolls
 e - a scroll of identify {unknown}
Potions
 c - a potion of ambrosia
 d - a potion of degeneration {unknown}


   Skills:
 + Level 2.6 Fighting
 - Level 3.2 Short Blades
 * Level 4.7 Dodging


You had one spell level left.
You didn't know any spells.
Your spell library was empty.

Dungeon Overview and Level Annotations

Branches:
Dungeon (6/15)
 Temple: D:4-7

Altars:
Cheibriados
Hepliaklqana
Kikubaaqudgha
Yredelemnul
Zin

Annotations:
D:6 3 runed translucent doors, Gadfly's ghost, novice DsMo; ces's ghost, amateur MfSh


Innate Abilities, Weirdness & Mutations

You are very small and have problems with some larger weapons.
You are too small for most types of armour.
You have supernaturally acute eyesight. (SInv)
You cover ground extremely quickly. (Speed+++)


Message History

Found a trident.
The jelly quivers.
An orc comes into view. It is wielding a +0 war axe.
The phantom misses you.
The orc priest calls down the wrath of Beogh upon you.
Beogh smites you!
Ouch! That really hurt!
Found a gluggy clear potion.
A bombardier beetle comes into view.
You see here a gluggy clear potion.
The bombardier beetle sprays incendiary fluid at you.
The burning spray hits you.
You are covered in liquid fire!
You shake off some of the fire as you move.
The liquid fire burns you!
You shake off the liquid fire.
Found 6 javelins.
A kobold comes into view. It is wielding a +0 dagger.
Found 6 stones and a mace.
A quokka comes into view.
The quokka barely misses you.
You see here 6 stones.
Found a scroll labelled YFENILLOUSM.
A giant cockroach comes into view.
You barely miss the giant cockroach.
The giant cockroach completely misses you.
You hit the giant cockroach.
The giant cockroach is almost dead.
The giant cockroach misses you.
You hit the giant cockroach.
You kill the giant cockroach!
Found 5 gold pieces.
An adder comes into view.
You see here 5 gold pieces.
The adder closely misses you.
Found an arbalest.
You see here a +0 arbalest.
Found a spear.
You see here a +0 spear.
Are you sure you want to abandon this character and quit the game? (Confirm with "yes".)

#.##..?.S...#####....#....h.
#.##.....>#.#######.S######.
#.#######.....#####.......#.
#.#.._##._..####h##.
#.#...##....# #.##h
#.#.........# #.##.
#.#...####### #.... #.#.###
##### #.#@# #.# #.#
#.################
#...........).....
##################


There were no monsters in sight!

Vanquished Creatures
  An adder (D:4)
  A ball python (D:4)
  An endoplasm (D:1)
  A giant cockroach (D:4)
4 creatures vanquished.

Notes
Turn   | Place    | Note
-------+----------+-------------------------------------------
     0 | D:1      | Bravepunisher the Spriggan Monk began the quest for the
                  | Orb.
     0 | D:1      | Reached XP level 1. HP: 11/11 MP: 2/2
   239 | D:3      | Noticed a bombardier beetle
   244 | D:4      | Noticed a scorpion
   247 | D:4      | Found a snail-covered altar of Cheibriados.
   271 | D:4      | Noticed a phantom
   283 | D:4      | Found a basalt altar of Yredelemnul.
   285 | D:4      | Found a hazy altar of Hepliaklqana.
   288 | D:5      | Entered Level 5 of the Dungeon
   291 | D:5      | Noticed a hound
   314 | D:6      | Noticed an iguana
   317 | D:6      | Noticed a hound
   330 | D:6      | Noticed an iguana
   349 | D:6      | Noticed a hound
   355 | D:6      | Noticed a hound
   359 | D:6      | Found a runed translucent gate.
   359 | D:6      | Found a runed translucent gate.
   360 | D:6      | Found a runed translucent gate.
   361 | D:6      | Noticed Gadfly's ghost (novice DsMo)
   361 | D:6      | Noticed ces's ghost (amateur MfSh)
   380 | D:6      | Noticed an orc warrior
   380 | D:6      | Noticed a bullfrog
   411 | D:6      | Noticed an orc wizard
   414 | D:6      | Noticed an ice beast
   551 | D:5      | Noticed an iguana
   561 | D:5      | Noticed a hound
   566 | D:5      | Noticed an orc wizard
   585 | D:4      | Reached XP level 2. HP: 16/16 MP: 3/3
   668 | D:4      | Found an ancient bone altar of Kikubaaqudgha.
   672 | D:4      | Found a glowing silver altar of Zin.
   735 | D:4      | Noticed a bombardier beetle
   876 | D:4      | Quit the game

Illustrated notes

Levels and vault maps discovered:
D:1:      spicycebolla_arrival_ecumenical, layout_basic
D:2:      layout_basic, basic_altar
D:3:      layout_basic, nzn_overflow_gifts_of_might_and_magic,
          nicolae_wu_jian_wuxing_cycle, minmay_misc_feat_four_crosses
D:4:      layout_basic, lemuel_doored_altar,
          nicolae_overflow_macrodata_refinement,
          hangedman_decor_clover_reticule, minmay_goblin_kobold_house
D:5:      kennysheep_windowed_halls, layout_loops_ring
D:6:      layout_cave_pools, gammafunk_ghost_cemetery

Action                     || total
---------------------------++-------
  Melee: Short sword       ||    16
 Armour: Robe              ||    10
  Dodge: Dodged            ||    36
